 Dungeon Crawl Stone Soup version 0.31.0-11-ge490571c62 (webtiles) character file.

Game seed: 11337392518251739251

46 Daunt the Trooper (level 3, -4/46 HPs)
             Began as a Demigod Shapeshifter on Jan 30, 2024.
             Succumbed to a scorpion's poison
             ... on level 2 of the Dungeon on Jan 31, 2024.
             The game lasted 00:03:28 (888 turns).

Daunt the Trooper (Demigod Shapeshifter)             Turns: 888, Time: 00:03:28

Health: -4/46      AC: 21    Str: 15    XL:     3   Next: 26%
Magic:  5/5        EV:  2    Int: 12    God:
Gold:   72         SH:  0    Dex: 17    Spells: 2/2 levels left

rFire   . . .        j - +1 dagger (elec)
rCold   . . .        (no shield)
rNeg    . . .        r - melded +0 plate armour
rPois   +            (helmet currently unavailable)
rElec   .            (cloak currently unavailable)
rCorr   .            (gloves currently unavailable)
SInv    .            (boots currently unavailable)
Will    .....        (no amulet)
Stlth   ++           (no ring)
HPRegen 0.27/turn    (no ring)
MPRegen 0.09/turn

%: no passive effects
@: lethally poisoned (-4 -> -24), tree-form
A: stationary, stasis, torment immunity, boosted hp, high MP 1, forlorn, divine
attributes
a: no special abilities


You were on level 2 of the Dungeon.
You were a tree.
You visited 1 branch of the dungeon, and saw 2 of its levels.

You collected 72 gold pieces.

Inventory:

Hand Weapons
 j - a +1 dagger of electrocution (weapon)
Missiles
 h - 23 stones (quivered)
 t - 4 poisoned darts
Armour
 a - a +0 animal skin
 r - a +0 plate armour (melded)
Talismans
 c - a beast talisman
 d - a flux talisman
Scrolls
 e - a scroll of summoning {unknown}
 f - a scroll of fog {unknown}
 g - 3 scrolls of identify {unknown}
 k - a scroll of torment {unknown}
 m - 2 scrolls of noise {unknown}
 o - a scroll of enchant weapon {unknown}
 q - a scroll of immolation {unknown}
 s - a scroll of silence {unknown}
Potions
 i - a potion of magic {unknown}
 l - a potion of haste {unknown}
 n - a potion of enlightenment {unknown}
 p - a potion of brilliance {unknown}


   Skills:
 + Level 3.1 Fighting
 - Level 1.7 Dodging
 - Level 2.6 Unarmed Combat
 - Level 2.6 Shapeshifting


You had 2 spell levels left.
You didn't know any spells.
Your spell library contained the following spells:

 Spells                   Type           Power      Damage    Failure   Level
 Freeze                   Ice            0%         1d3       32%         1
 Frozen Ramparts          Ice            0%         1d1       69%         3
 Hailstorm                Conj/Ice       0%         3d5       69%         3


Dungeon Overview and Level Annotations

Branches:
Dungeon (2/15)


Innate Abilities, Weirdness & Mutations

You are a tree.
Your roots penetrate the ground, keeping you stationary.
You cannot be teleported.
You are immune to unholy pain and torment.
Your maximum health is greatly increased.
Your equipment is partially melded.
You have an increased reservoir of magic. (+10% MP)
You shall have no god before yourself.
Your divine heritage dramatically boosts your attributes as you level up.


Message History

You hit the ball python.
Lightning courses through the ball python!
You kill the ball python!
The bat hits you.
You hit the goblin.
You kill the goblin!
The bat barely misses you.
You hit the bat.
You kill the bat!
You closely miss the scorpion. The scorpion stings you.
You are poisoned.
The scorpion poisons you! The scorpion stings you.
You are lethally poisoned!
The scorpion poisons you!
You hit the scorpion.
The scorpion is lightly wounded.
You feel very sick. The scorpion stings you.
You are more poisoned.
The scorpion poisons you!
You are too injured to fight recklessly!
Your transformation has ended.
You turn into a tree.
Your +0 plate armour melds into your body.
Your roots penetrate the ground.
* * * LOW HITPOINT WARNING * * *
You feel extremely sick. The scorpion stings you.
* * * LOW HITPOINT WARNING * * *
Unknown command.
Unknown command.
You closely miss the scorpion.
The scorpion is lightly wounded.
* * * LOW HITPOINT WARNING * * *
You feel very sick. The scorpion completely misses you.
You hit the scorpion but do no damage.
Lightning courses through the scorpion!!
You kill the scorpion!
You die...

.................#
..........#+#..#.#
.........## ##.#.#
.........# #...#
........## ##^.##
........# #...#
....... #...#
......# #######..#
..#... ......#♣.#
###.#. ......)..#
#.#. ......#...#
#######.#.# ..#.#
....# #.#### .. .#


There were no monsters in sight!

Vanquished Creatures
  A scorpion (D:2)
  2 dart slugs
  A ribbon worm (D:1)
  3 ball pythons
  5 bats
  7 endoplasms
  5 goblins
  2 hobgoblins (D:1)
  2 kobolds
  3 frilled lizards
  5 rats
36 creatures vanquished.

Notes
Turn   | Place    | Note
-------+----------+-------------------------------------------
     0 | D:1      | Daunt the Demigod Shapeshifter began the quest for the Orb.
     0 | D:1      | Reached XP level 1. HP: 15/15 MP: 3/3
    26 | D:1      | Reached skill level 1 in Fighting
   194 | D:1      | Reached skill level 2 in Fighting
   194 | D:1      | Reached XP level 2. HP: 21/24 MP: 4/4
   664 | D:2      | Reached XP level 3. HP: 19/30 MP: 5/5
   764 | D:2      | Reached skill level 3 in Fighting
   874 | D:2      | Noticed a scorpion
   887 | D:2      | HP: 1/46 [poisoned by a scorpion]
   888 | D:2      | Killed a scorpion
   888 | D:2      | Succumbed to a scorpion's poison

Illustrated notes

Levels and vault maps discovered:
D:1:      ebering_trefoil_3fold, layout_rooms
D:2:      layout_rooms, minmay_divided_ellipse

Skill      XL: |  1  2  3 |
---------------+----------+-----
Fighting       | 2 3 |  3.1
Dodging        | |  1.7
Unarmed Combat | |  2.6
Shapeshifting  | |  2.6

Action                     || total
---------------------------++-------
  Melee: Unarmed           ||    23
         Punch             ||     3
         Dagger            ||    61
    Use: Potion            ||     1
   Stab: Sleeping          ||     1
 Armour: Animal skin       ||    39
         Plate armour      ||    10
         Skin              ||     1
  Dodge: Dodged            ||    34
